 Dungeon Crawl Stone Soup version 0.31-a0-667-g39726597b9 (webtiles) character file.

Game seed: 11111009678001646386

5 GordonOverkill the Sneak (level 1, 0/19 HPs)
             Began as a Barachi Delver on Sept 4, 2023.
             Killed by nerve-wracking pain
             ... invoked by Jessica
              (13 damage)
             ... on level 3 of the Dungeon.
             The game lasted 00:01:23 (259 turns).

GordonOverkill the Sneak (Barachi Delver)            Turns: 259, Time: 00:01:24

Health: 0/19       AC: 14    Str: 13    XL:     1   Next: 80%
Magic:  1/1        EV: 12    Int: 10    God:
Gold:   4          SH:  0    Dex: 13    Spells: 0/0 levels left

rFire   . . .        k - +2 dagger (protect)
rCold   . . .        (no shield)
rNeg    . . .        b - +0 leather armour
rPois   .            (no helmet)
rElec   .            (no cloak)
rCorr   .            (no gloves)
SInv    .            (no boots)
Will    .....        (no amulet)
Stlth   ++           j - +4 ring of protection
HPRegen 0.23/turn    (no ring)
MPRegen 0.07/turn

%: no passive effects
@: under a protective aura, slow
A: amphibious, slowness 1, strong legs 1, +LOS
a: Hop


You were on level 3 of the Dungeon.
You visited 1 branch of the dungeon, and saw 4 of its levels.

You collected 4 gold pieces.

Inventory:

Hand Weapons
 a - a +0 falchion
 k - a +2 dagger of protection (weapon)
Missiles
 i - 4 boomerangs (quivered)
Armour
 b - a +0 leather armour (worn)
Jewellery
 j - a +4 ring of protection (left hand)
Wands
 g - a wand of digging (3)
Scrolls
 c - a scroll of fog
 d - a scroll of revelation
 e - a scroll of fear
Potions
 f - a potion of haste
 h - a potion of brilliance {unknown}


   Skills:
 - Level 4.0 Fighting
 + Level 2.6 Long Blades
 - Level 2.1 Dodging
 - Level 4.5 Stealth


You couldn't memorise any spells.
You didn't know any spells.
Your spell library was empty.

Dungeon Overview and Level Annotations

Branches:
Dungeon (6/15)
 Temple: D:4-7

Altars:

Annotations:
D:3 Jessica


Innate Abilities, Weirdness & Mutations

You are amphibious.
You cover ground slowly.
You can hop short distances.
You have an extended range of vision and can be seen from far away.


Message History

Jessica mumbles some strange words.
Jessica seems to speed up.
The bat hits you but does no damage.
There is a stone staircase leading down here.
You hit the bat.
Your weapon exudes an aura of protection.
The bat is heavily wounded.
The bat barely misses you. The bat hits you but does no damage. x2
You closely miss the bat.
The bat is heavily wounded.
The bat hits you but does no damage. The bat hits you but does no damage.
You open the door.
Jessica mumbles some strange words.
Jessica blinks!
You hit the bat.
Your weapon exudes an aura of protection.
You kill the bat!
Jessica gestures at you while chanting.
You barely resist.
Jessica casts a spell.
Jessica blinks!
Jessica casts a spell.
Jessica blinks!
There is a stone staircase leading down here.
You close the door, pushing everything out of the way.
You hit Jessica but do no damage.
Your weapon exudes an aura of protection.
Jessica hits you with a +0 club. x2
You hit Jessica.
Jessica is lightly wounded.
Jessica hits you but does no damage.
You hit Jessica but do no damage.
Jessica is lightly wounded.
Jessica closely misses you. Jessica hits you but does no damage.
You hit Jessica.
Jessica is moderately wounded.
Jessica casts a spell at you. Pain shoots through your body!
Ouch! That really hurt!
You die...

.. ..#########
..........#
..........#
..........####
..........+@>#
..........@#+##
#......≈≈≈....#
#......≈.≈....#
#......≈≈≈....#
#..|.......#+##
#[........+..
#.........##.#
#########.# .#


You could see Jessica (fast).

Vanquished Creatures
  An orc (D:4)
  A bat (D:3)
  A hobgoblin (D:4)
  A ball python (D:4)
4 creatures vanquished.

Notes
Turn   | Place    | Note
-------+----------+-------------------------------------------
     0 | D:5      | GordonOverkill the Barachi Delver began the quest for the
                  | Orb.
     0 | D:5      | Reached XP level 1. HP: 18/18 MP: 1/1
    96 | D:5      | Noticed a scorpion
   233 | D:3      | Noticed Jessica
   259 | D:3      | Killed from afar by Jessica

Illustrated notes

Levels and vault maps discovered:
D:3:      layout_basic, gup_sewer_entry_bowl, ebering_ghost_rock_garden,
          corexii_item_surrounded_by_moat, lexackson_kobold_supper,
          uniq_jessica, uniq_ijyb
D:4:      layout_loops_ring
D:5:      layout_cave_pods, general_overflow_altar,
          nicolae_ru_great_annihilating_truth, glass_columns_a,
          patterned_corridor, uniq_grinder
D:6:      layout_basic, amcnicky_altar_gilded, minitemple,
          minmay_temple_entry_water_ring

Skill      XL: |  1 |
---------------+----+-----
Fighting       | 4 |  4.0
Long Blades    | |  2.6
Dodging        | |  2.1
Stealth        | |  4.5

Action                     || total
---------------------------++-------
  Melee: Falchion          ||    12
         Dagger            ||     8
  Throw: Boomerang         ||     2
Ability: Hop               ||     1
 Armour: Leather armour    ||    23
  Dodge: Dodged            ||    12

Table legend: (Time is in decaauts)
 A = Elapsed time spent in this place.
 B = Non-inter-level travel time spent in this place.
 C = Inter-level travel time spent in this place.
 D = Time resting spent in this place.
 E = Time spent auto-exploring this place.
 F = Levels seen in this place.
 G = Mean time per level.
                   A        B        C        D        E       F      G
               +--------+--------+--------+--------+--------+-----+--------+
         Total |    295 |    295 |      0 |     40 |      0 |   4 |   73.8 |
       Dungeon |    295 |    295 |      0 |     40 |      0 |   4 |   73.8 |
               +--------+--------+--------+--------+--------+-----+--------+

Top non-repeatable levels by time:
     D:4: 141 daAuts
     D:6: 81 daAuts
     D:5: 43 daAuts
     D:3: 28 daAuts
